 Dungeon Sprint DCSS version 0.23.1 (webtiles) character file.

Game seed: 2056435028907826876

434 nuthulu the Protected (level 6, -9/64 HPs)
             Began as a Minotaur Fighter on Mar 6, 2019.
             Was an Initiate of Okawaru.
             Mangled by a slime creature (11 damage)
             ... in the Dungeon (Sprint I: "Red Sonja").
             The game lasted 00:00:49 (516 turns).

nuthulu the Protected (Minotaur Fighter)             Turns: 516, Time: 00:00:50

Health: -9/64      AC:  9    Str: 23    XL:     6   Next: 68%
Magic:  5/5        EV:  8    Int:  5    God:    Okawaru [......]
Gold:   310        SH: 11    Dex:  9    Spells: 5/5 levels left

rFire    . . .     SeeInvis .   a - +0 war axe
rCold    . . .     Gourm    .   c - +0 shield
rNeg     . . .     Faith    .   b - +0 scale mail
rPois    .         Spirit   .   (helmet restricted)
rElec    .         Reflect  .   (no cloak)
rCorr    .         Harm     .   n - +0 pair of gloves
MR       .....     NoTele   +   (no boots)
Stlth    ..........             (no amulet)
HPRegen  0.20/turn              (no ring)
MPRegen  0.09/turn              (no ring)

@: no status effects
A: retaliatory headbutt, horns 2
a: Renounce Religion


You were in the Dungeon.
You worshipped Okawaru.
Okawaru was noncommittal.
You were not hungry.

You visited 1 branch You collected 310 gold pieces.

Inventory:

Hand Weapons
 a - a +0 war axe (weapon)
Armour
 b - a +0 scale mail (worn)
 c - a +0 shield (worn)
 n - a +0 pair of gloves (worn)
Scrolls
 k - a scroll of blinking
 m - a scroll of brand weapon {unknown}
Potions
 d - a potion of might
 e - a potion of curing
 h - a potion of haste
 i - 2 potions of magic
 j - a potion of berserk rage
Comestibles
 f - a ration
 l - 2 chunks of flesh


   Skills:
 + Level 9.4 Fighting
 + Level 9.0 Axes
 + Level 9.4 Armour
 + Level 9.4 Shields
 + Level 0.0 Invocations


You had 5 spell levels left.
You didn't know any spells.
Your spell library was empty.

Dungeon Overview and Level Annotations

Branches:
Dungeon (1/1)

Altars:
Cheibriados
Dithmenos
Elyvilon
Fedhas
Gozag
Hepliaklqana
Kikubaaqudgha
Makhleb
Nemelex Xobeh
Okawaru
Qazlal
Ru
Sif Muna
Trog
Uskayaw
Vehumet
Wu Jian
Xom
Yredelemnul
Zin
The Shining One
Jiyva
Lugonu

Shops:
D (


Innate Abilities, Weirdness & Mutations

You reflexively headbutt those who attack you in melee.
You have a pair of horns on your head.


Message History

* * * LOW HITPOINT WARNING * * *
Some of the chunks of flesh in your inventory have rotted away.
You slash the slime creature!
The slime creature is heavily wounded.
You block the slime creature's attack.
Your shield and scale mail prevent you from hitting the slime creature.
Your headbutt misses the slime creature.
The slime creature is heavily wounded.
The slime creature hits you!
* * * LOW HITPOINT WARNING * * *
Unknown command.
You feel much better. You block the slime creature's attack.
You slash the slime creature!
The slime creature is severely wounded.
The slime creature hits you!
* * * LOW HITPOINT WARNING * * *
You slash the slime creature!
The slime creature is severely wounded.
The slime creature hits you!
You die...

################ ##
#<.#..+).#..'..#__#
#..+[.#..+).#.@J^.+
#..#####'#####'#__#
#..####..#...#.# ##
#..#__####..##.#
#..#_____##'#_.+
#⌠⌠#_.∩...÷..._#
####_..__##_.#'#
#_____###+#.#
####### ###


You could see a slime creature.

Vanquished Creatures
  Sigmund (D)
  A yak (D)
  An ogre (D)
  A jelly (D)
  Ijyb (D)
5 creatures vanquished.

Notes
Turn   | Place    | Note
-------+----------+-------------------------------------------
     0 | D        | nuthulu the Minotaur Fighter began the quest for the Orb.
     0 | D        | Reached XP level 1. HP: 19/19 MP: 0/0
     1 | D        | Noticed Ijyb
     9 | D        | Killed Ijyb
     9 | D        | Reached skill level 5 in Fighting
     9 | D        | Reached skill level 5 in Armour
     9 | D        | Reached skill level 5 in Shields
     9 | D        | Reached XP level 2. HP: 20/29 MP: 1/1
   158 | D        | Noticed an ogre
   162 | D        | Killed an ogre
   162 | D        | Reached XP level 3. HP: 24/38 MP: 2/2
   162 | D        | Reached XP level 4. HP: 29/45 MP: 3/3
   269 | D        | Noticed Sigmund
   276 | D        | Killed Sigmund
   276 | D        | Reached XP level 5. HP: 28/53 MP: 4/4
   276 | D        | Reached XP level 6. HP: 33/61 MP: 5/5
   425 | D        | Found an ornate altar of the Wu Jian Council.
   425 | D        | Found a deep blue altar of Sif Muna.
   427 | D        | Found a radiant altar of Vehumet.
   456 | D        | Found Houtuerph's Antique Weapon Emporium.
   456 | D        | Found an ancient bone altar of Kikubaaqudgha.
   456 | D        | Found a hazy altar of Hepliaklqana.
   456 | D        | Found a hide-covered altar of Uskayaw.
   456 | D        | Found a basalt altar of Yredelemnul.
   456 | D        | Found an opulent altar of Gozag.
   456 | D        | Found a snail-covered altar of Cheibriados.
   456 | D        | Found a sacrificial altar of Ru.
   456 | D        | Found a shadowy altar of Dithmenos.
   456 | D        | Noticed a yak
   461 | D        | Killed a yak
   462 | D        | Found a stormy altar of Qazlal.
   462 | D        | Found a blossoming altar of Fedhas.
   462 | D        | Found a bloodstained altar of Trog.
   462 | D        | Found an iron altar of Okawaru.
   462 | D        | Found a glowing golden altar of the Shining One.
   462 | D        | Found a glowing silver altar of Zin.
   462 | D        | Found a white marble altar of Elyvilon.
   475 | D        | Found a sparkling altar of Nemelex Xobeh.
   480 | D        | Became a worshipper of Warmaster Okawaru
   505 | D        | Found a burning altar of Makhleb.
   505 | D        | Found a viscous altar of Jiyva.
   505 | D        | Found a shimmering altar of Xom.
   505 | D        | Found a corrupted altar of Lugonu.
   505 | D        | Noticed a slime creature
   513 | D        | HP: 3/64 [slime creature (17)]
   516 | D        | Mangled by a slime creature

Skill      XL: |  1  2  3  4  5  6 |
---------------+-------------------+-----
Fighting       | 5 6 8 9 |  9.4
Axes           | 4 6 7 9 |  9.0
Armour         | 5 6 8 9 |  9.4
Shields        | 5 6 8 9 |  9.4

Action                   |  1- 3 |  4- 6 || total
-------------------------+-------+-------++-------
Melee: War axe           |    10 |    23 ||    33
       Headbutt          |     4 |     8 ||    12
  Use: Potion            |       |     1 ||     1
Armor: Scale mail        |     5 |     1 ||     6
Dodge: Dodged            |       |     2 ||     2
Block: Shield            |     2 |     8 ||    10
